PA
IDAHO FALLS CHUKARS @ WALLA WALLA WALLEYE
09/05/2032
 
TOP OF THE 1ST
Idaho Falls Chukars batting - Pitching for Walla Walla Walleye : RHP Edward Bergeron
Pitching: RHP Edward Bergeron
Batting: RHB James Cooper 0-0: Ground out 3-1 (Groundball, 34)
Batting: LHB Alje de Gast 0-0: Fly out, F4 (Line Drive, 4)
Batting: RHB Olaf Esveld 0-0: Called Strike
0-1: Called Strike
0-2: Strikes out swinging
Top of the 1st over - 0 runs, 0 hits, 0 errors, 0 left on base; Idaho Falls 0 - Walla Walla 0
BOTTOM OF THE 1ST
Walla Walla Walleye batting - Pitching for Idaho Falls Chukars : RHP Dong-hwan Namgung
Pitching: RHP Dong-hwan Namgung
Batting: RHB Dave Sosa 0-0: Ball
1-0: Called Strike
1-1: Called Strike
1-2: Ball
2-2: Strikes out looking
Batting: RHB Augusto Manuel 0-0: Ball
1-0: Foul Ball, location: 2F
1-1: Ball
2-1: Foul Ball, location: 2F
2-2: Foul Ball, location: 2F
2-2: Ground out 6-3 (Groundball, 6)
Batting: LHB Andrés Rodríguez 0-0: Ground out U3 (Groundball, 3)
Bottom of the 1st over - 0 runs, 0 hits, 0 errors, 0 left on base; Idaho Falls 0 - Walla Walla 0
TOP OF THE 2ND
Idaho Falls Chukars batting - Pitching for Walla Walla Walleye : RHP Edward Bergeron
Batting: RHB Fontana Contaldo 0-0: Called Strike
0-1: Ball
1-1: Foul Ball, location: 2F
1-2: Ball
2-2: Strikes out swinging
Batting: RHB Cooper Lowe 0-0: Called Strike
0-1: Called Strike
0-2: Foul Ball, location: 2F
0-2: Strikes out swinging
Batting: RHB César Núñes 0-0: Called Strike
0-1: Ball
1-1: Ball
2-1: Ball
3-1: Base on Balls
Batting: RHB Hui-ying Sun 0-0: Ball
1-0: Ball
2-0: Foul Ball, location: 2F
2-1: Fly out, F7 (Flyball, 78S)
Top of the 2nd over - 0 runs, 0 hits, 0 errors, 1 left on base; Idaho Falls 0 - Walla Walla 0
BOTTOM OF THE 2ND
Walla Walla Walleye batting - Pitching for Idaho Falls Chukars : RHP Dong-hwan Namgung
Batting: LHB José Román 0-0: DOUBLE (Line Drive, 8RD)
Batting: RHB Igme Samson 0-0: Ball
1-0: Foul Ball, location: 2F
1-1: Foul Ball, location: 2F
1-2: SINGLE (Groundball, 56D)
José Román to third
Runner from 3rd tries for Home, SAFE, throw made home
Batting: RHB Raúl Maradona 0-0: Called Strike
0-1: Ball
1-1: Foul Ball, location: 2F
1-2: Ball
2-2: Ball
3-2: Foul Ball, location: 2F
3-2: Base on Balls
Igme Samson to second
Batting: LHB Juan Huerta 0-0: Foul Ball, location: 2F
0-1: SINGLE (Groundball, 34D)
Igme Samson to third
Raúl Maradona to second
Runner from 3rd tries for Home, SAFE, no throw
Batting: RHB Oliver Villalva 0-0: Called Strike
0-1: Ball
1-1: Ball
2-1: Ball
3-1: Fly out, F7 (Flyball, 7)
Batting: RHB Gustavo Ortíz 0-0: Ball
1-0: Ball
2-0: Called Strike
2-1: Ball
3-1: Grounds into double play, 4-6-3 (Groundball, 4)
Bottom of the 2nd over - 2 runs, 3 hits, 0 errors, 1 left on base; Idaho Falls 0 - Walla Walla 2
TOP OF THE 3RD
Idaho Falls Chukars batting - Pitching for Walla Walla Walleye : RHP Edward Bergeron
Batting: RHB Corey Hines 0-0: Foul Ball, location: 2F
0-1: Ball
1-1: Foul Ball, location: 2F
1-2: Ball
2-2: Ball
3-2: Base on Balls
Batting: SHB Jorge Díaz 0-0: Ball
1-0: Called Strike
1-1: Fly out, F7 (Flyball, 7D)
Batting: RHB James Cooper 0-0: Ball
1-0: Foul Ball, location: 2F
1-1: Swinging Strike
1-2: Strikes out swinging
Batting: LHB Alje de Gast 0-0: Foul Ball, location: 2F
0-1: Called Strike
0-2: Foul Ball, location: 2F
0-2: Foul Ball, location: 2F
0-2: Foul Ball, location: 2F
0-2: Ball
1-2: Ball
2-2: Ball
3-2: Base on Balls
Corey Hines to second
Batting: RHB Olaf Esveld 0-0: Called Strike
0-1: Ball
1-1: Called Strike
1-2: Fly out, F8 (Flyball, 8RXD)
Top of the 3rd over - 0 runs, 0 hits, 0 errors, 2 left on base; Idaho Falls 0 - Walla Walla 2
BOTTOM OF THE 3RD
Walla Walla Walleye batting - Pitching for Idaho Falls Chukars : RHP Dong-hwan Namgung
Batting: RHB Dave Sosa 0-0: Ball
1-0: Ball
2-0: Ball
3-0: Base on Balls
Batting: RHB Augusto Manuel 0-0: Ball
1-0: Ball
2-0: Foul Ball, location: 2F
2-1: Foul Ball, location: 2F
2-2: Strikes out swinging
Batting: LHB Andrés Rodríguez 0-0: Ball
1-0: Swinging Strike
1-1: Fly out, F9 (Flyball, 9S)
Batting: LHB José Román 0-0: Foul Ball, location: 2F
0-1: Swinging Strike
0-2: Fly out, F9 (Flyball, 9D)
Bottom of the 3rd over - 0 runs, 0 hits, 0 errors, 1 left on base; Idaho Falls 0 - Walla Walla 2
TOP OF THE 4TH
Idaho Falls Chukars batting - Pitching for Walla Walla Walleye : RHP Edward Bergeron
Batting: RHB Fontana Contaldo 0-0: Ball
1-0: Called Strike
1-1: Ball
2-1: Ball
3-1: Foul Ball, location: 2F
3-2: Base on Balls
Batting: RHB Cooper Lowe 0-0: Called Strike
0-1: Foul Ball, location: 2F
0-2: Hit by Pitch
Fontana Contaldo to second
Batting: RHB César Núñes 0-0: Ball
Wild Pitch!
Fontana Contaldo to third
Cooper Lowe to second
1-0: Swinging Strike
1-1: Ground out 5-3 (Groundball, 56S)
Fontana Contaldo scores
Cooper Lowe to third
Batting: RHB Hui-ying Sun 0-0: Ball
1-0: Ball
2-0: Ball
3-0: Base on Balls
Batting: RHB Corey Hines 0-0: Foul Ball, location: 2F
0-1: Ball
1-1: Ball
2-1: Called Strike
2-2: Strikes out swinging
Batting: SHB Jorge Díaz 0-0: Fly out, F4 (Line Drive, 4)
Top of the 4th over - 1 run, 0 hits, 0 errors, 2 left on base; Idaho Falls 1 - Walla Walla 2
BOTTOM OF THE 4TH
Walla Walla Walleye batting - Pitching for Idaho Falls Chukars : RHP Dong-hwan Namgung
Batting: RHB Igme Samson 0-0: Called Strike
0-1: Ball
1-1: Foul Ball, location: 2F
1-2: Ball
2-2: Foul Ball, location: 2F
2-2: SINGLE (Groundball, 4MD)
Batting: RHB Raúl Maradona 0-0: Called Strike
0-1: Swinging Strike
0-2: Fly out, F6 (Line Drive, 6)
Batting: LHB Juan Huerta 0-0: Ball
1-0: Called Strike
1-1: Swinging Strike
1-2: Strikes out swinging
Batting: RHB Oliver Villalva 0-0: Foul Ball, location: 2F
0-1: Called Strike
0-2: Ball
1-2: Strikes out swinging
Bottom of the 4th over - 0 runs, 1 hit, 0 errors, 1 left on base; Idaho Falls 1 - Walla Walla 2
TOP OF THE 5TH
Idaho Falls Chukars batting - Pitching for Walla Walla Walleye : RHP Edward Bergeron
Batting: RHB James Cooper 0-0: Ball
1-0: SINGLE (Line Drive, 4MD)
Batting: LHB Alje de Gast 0-0: Ball
1-0: Sac Bunt - play at first, batter OUT! 1-4
James Cooper to second
Batting: RHB Olaf Esveld 0-0: Ground out 3-1 (Groundball, 34)
James Cooper to third
Batting: RHB Fontana Contaldo 0-0: Ball
1-0: Ball
2-0: Foul Ball, location: 2F
2-1: Swinging Strike
2-2: Strikes out swinging
Top of the 5th over - 0 runs, 1 hit, 0 errors, 1 left on base; Idaho Falls 1 - Walla Walla 2
BOTTOM OF THE 5TH
Walla Walla Walleye batting - Pitching for Idaho Falls Chukars : RHP Dong-hwan Namgung
Pitching: RHP Rodrigo Hagen
Batting: RHB Gustavo Ortíz 0-0: Swinging Strike
0-1: Foul Ball, location: 2F
0-2: Ball
1-2: Ball
2-2: SINGLE (Flyball, 78S)
Batting: RHB Dave Sosa 0-0: Bunt missed!
0-1: Bunted foul
0-2: Fly out, F8 (Flyball, 8RM)
Batting: RHB Augusto Manuel 0-0: Swinging Strike
0-1: Swinging Strike
0-2: Strikes out looking
Batting: LHB Andrés Rodríguez 0-0: Foul Ball, location: 2F
0-1: Ball
1-1: Called Strike
1-2: Ball
2-2: Ball
3-2: Strikes out swinging
Bottom of the 5th over - 0 runs, 1 hit, 0 errors, 1 left on base; Idaho Falls 1 - Walla Walla 2
TOP OF THE 6TH
Idaho Falls Chukars batting - Pitching for Walla Walla Walleye : RHP Edward Bergeron
Batting: RHB Cooper Lowe 0-0: Called Strike
0-1: Foul Ball, location: 2F
0-2: Strikes out swinging
Batting: RHB César Núñes 0-0: Ball
1-0: Ball
2-0: Foul Ball, location: 2F
2-1: Swinging Strike
2-2: Strikes out swinging
Batting: RHB Hui-ying Sun 0-0: Called Strike
0-1: Foul Ball, location: 2F
0-2: Strikes out swinging
Top of the 6th over - 0 runs, 0 hits, 0 errors, 0 left on base; Idaho Falls 1 - Walla Walla 2
BOTTOM OF THE 6TH
Walla Walla Walleye batting - Pitching for Idaho Falls Chukars : RHP Rodrigo Hagen
Batting: LHB José Román 0-0: Called Strike
0-1: Ball
1-1: Ball
2-1: Foul Ball, location: 2F
2-2: Foul Ball, location: 2F
2-2: Strikes out looking
Batting: RHB Igme Samson 0-0: Swinging Strike
0-1: Called Strike
0-2: Ball
1-2: Ball
2-2: Strikes out looking
Batting: RHB Raúl Maradona 0-0: Ball
1-0: Foul Ball, location: 2F
1-1: DOUBLE (Groundball, 5L)
Batting: LHB Juan Huerta 0-0: Ball
1-0: Foul Ball, location: 2F
1-1: Fly out, F7 (Flyball, 78D)
Bottom of the 6th over - 0 runs, 1 hit, 0 errors, 1 left on base; Idaho Falls 1 - Walla Walla 2
TOP OF THE 7TH
Idaho Falls Chukars batting - Pitching for Walla Walla Walleye : RHP Edward Bergeron
Batting: RHB Corey Hines 0-0: Ball
1-0: Foul Ball, location: 2F
1-1: Foul Ball, location: 2F
1-2: Strikes out swinging
Batting: SHB Jorge Díaz 0-0: Called Strike
0-1: Fly out, F7 (Flyball, 7D)
Batting: RHB James Cooper 0-0: Ball
1-0: Ball
2-0: SINGLE (Flyball, 4D)
Pitching: LHP Ángel Flores
Batting: LHB Alje de Gast 0-0: Ball
1-0: Ground out U3 (Groundball, 3)
Top of the 7th over - 0 runs, 1 hit, 0 errors, 1 left on base; Idaho Falls 1 - Walla Walla 2
BOTTOM OF THE 7TH
Walla Walla Walleye batting - Pitching for Idaho Falls Chukars : RHP Rodrigo Hagen
Batting: RHB Oliver Villalva 0-0: Foul Ball, location: 2F
0-1: Ball
1-1: Ball
2-1: Ground out 6-3 (Groundball, 6)
Batting: RHB Gustavo Ortíz 0-0: Swinging Strike
0-1: Swinging Strike
0-2: Foul Ball, location: 2F
0-2: Ball
1-2: Strikes out swinging
Batting: RHB Dave Sosa 0-0: Ball
1-0: Swinging Strike
1-1: Ball
2-1: Ball
3-1: Base on Balls
Batting: RHB Augusto Manuel Pickoff Throw to First - Error! E1
Dave Sosa to second
0-0: Ball
1-0: Swinging Strike
1-1: Ball
2-1: Called Strike
2-2: DOUBLE (Flyball, 89D)
Dave Sosa scores
Batting: LHB Andrés Rodríguez 0-0: Called Strike
0-1: Swinging Strike
0-2: Fly out, F7 (Flyball, 7)
Bottom of the 7th over - 1 run, 1 hit, 1 error, 1 left on base; Idaho Falls 1 - Walla Walla 3
TOP OF THE 8TH
Idaho Falls Chukars batting - Pitching for Walla Walla Walleye : LHP Ángel Flores
Pitching: RHP Ainanani Oliwa
Batting: RHB Olaf Esveld 0-0: Swinging Strike
0-1: Ball
1-1: Ball
2-1: Swinging Strike
2-2: Ball
3-2: Foul Ball, location: 2F
3-2: Strikes out swinging
Batting: RHB Fontana Contaldo 0-0: Called Strike
0-1: Swinging Strike
0-2: Ball
1-2: Ball
2-2: Strikes out swinging
Batting: RHB Cooper Lowe 0-0: Ball
1-0: Foul Ball, location: 2F
1-1: Called Strike
1-2: Ball
2-2: Fly out, F7 (Flyball, 7)
Top of the 8th over - 0 runs, 0 hits, 0 errors, 0 left on base; Idaho Falls 1 - Walla Walla 3
BOTTOM OF THE 8TH
Walla Walla Walleye batting - Pitching for Idaho Falls Chukars : RHP Rodrigo Hagen
Batting: LHB José Román 0-0: Foul Ball, location: 2F
0-1: Ball
1-1: Foul Ball, location: 2F
1-2: Ball
2-2: Foul Ball, location: 2F
2-2: Strikes out swinging
Batting: RHB Igme Samson 0-0: Ball
1-0: Foul Ball, location: 2F
1-1: Ball
2-1: Called Strike
2-2: Fly out, F8 (Flyball, 8RM)
Batting: RHB Raúl Maradona 0-0: Swinging Strike
0-1: Foul Ball, location: 2F
0-2: Strikes out swinging
Bottom of the 8th over - 0 runs, 0 hits, 0 errors, 0 left on base; Idaho Falls 1 - Walla Walla 3
TOP OF THE 9TH
Idaho Falls Chukars batting - Pitching for Walla Walla Walleye : RHP Ainanani Oliwa
Batting: RHB César Núñes 0-0: Swinging Strike
0-1: Swinging Strike
0-2: Ball
1-2: Strikes out swinging
Batting: RHB Hui-ying Sun 0-0: Ball
1-0: Foul Ball, location: 2F
1-1: Ball
2-1: TRIPLE (Flyball, 89XD)
Pinch Hitting: RHB Jesús Sosa 0-0: Called Strike
0-1: SINGLE (Groundball, 6MD)
Hui-ying Sun scores
Pinch Runner at 1st Pedro Martínez:
Pinch Hitting: RHB José Vargas 0-0: Ball
1-0: Fielders Choice at 2nd, 6-4 (Groundball, 6)
Pitching: RHP Adrián Porras
Batting: RHB James Cooper 0-0: Called Strike
0-1: Swinging Strike
0-2: Ball
1-2: Strikes out swinging
Top of the 9th over - 1 run, 2 hits, 0 errors, 1 left on base; Idaho Falls 2 - Walla Walla 3
Wednesday, September 19th, 2018 - OOTP Baseball 18.8 Build 76